 Dungeon Crawl Stone Soup version 0.25-a0-426-g7d9e569eea (webtiles) character file.

Game seed: 13929331010059554878, levelgen mode: deterministic

37 Eurus the Conjurer (level 3, -1/26 HPs)
             Began as a Mummy Conjurer on Jan 25, 2020.
             Slain by Crazy Yiuf
             ... wielding a +2 quarterstaff of chaos
              (4 damage)
             ... on level 2 of the Dungeon.
             The game lasted 00:03:29 (1387 turns).

Eurus the Conjurer (Mummy Conjurer)                 Turns: 1387, Time: 00:03:29

Health: -1/26      AC:  2    Str: 11    XL:     3   Next: 23%
Magic:  3/7        EV: 12    Int: 15    God:
Gold:   54         SH:  0    Dex: 12    Spells: 5/8 levels left

rFire    x . .     SeeInvis .   b - +2 dagger (venom)
rCold    + . .     Gourm    .   (no shield)
rNeg     + + +     Faith    .   a - +0 robe
rPois    ∞         Spirit   .   (no helmet)
rElec    .         Reflect  .   (no cloak)
rCorr    .         Harm     .   (no gloves)
MR       .....                  (no boots)
Stlth    ++........             (no amulet)
HPRegen  0.08/turn              (no ring)
MPRegen  0.10/turn              (no ring)

@: hasted, very quick
A: no food or potions, fire vulnerability, cold resistance 1, negative energy
resistance 3, torment resistance, unbreathing
a: no special abilities


You were on level 2 of the Dungeon.
You were not hungry.

You visited 1 branch of the dungeon, and saw 2 of its levels.

You collected 54 gold pieces.

Inventory:

Hand Weapons
 b - a +2 dagger of venom (weapon)
Armour
 a - a +0 robe (worn)
Scrolls
 c - a scroll of enchant armour {unknown}
 d - 2 scrolls of teleportation {unknown}
 e - 2 scrolls of identify {unknown}
 f - 3 scrolls of immolation {unknown}
 g - a scroll of fear {unknown}


   Skills:
 + Level 1.1 Fighting
 + Level 2.0 Dodging
 - Level 1.5 Stealth
 + Level 3.2 Spellcasting
 + Level 3.5 Conjurations


You had 5 spell levels left.
You knew the following spells:

 Your Spells              Type           Power        Failure   Level  Hunger
a - Magic Dart            Conj           ##..         4%          1    N/A
b - Searing Ray           Conj           ##....       7%          2    N/A

Your spell library contained the following spells:

 Spells                   Type           Power        Failure   Level  Hunger
 Dazzling Flash           Conj/Hex       #.....       28%         3    N/A
 Fulminant Prism          Conj/Hex       #.........   67%         4    N/A
 Iskenderun's Mystic Bla  Conj/Tloc      #.......     67%         4    N/A

Dungeon Overview and Level Annotations

Branches:
Dungeon (2/15)

Altars:

Annotations:
D:2 Crazy Yiuf


Innate Abilities, Weirdness & Mutations

You do not eat or drink.
Your flesh is vulnerable to fire.
You are immune to poison.
Your flesh is cold resistant. (rC+)
You are immune to negative energy. (rN+++)
You are immune to unholy pain and torment.
You can survive without breathing.


Message History

Press: ? - help, Shift-Dir - straight line, f - Crazy Yiuf
Aim: Crazy Yiuf, wielding a +2 quarterstaff of chaos and wearing a +0 cloak The searing ray hits Crazy Yiuf.
Crazy Yiuf is moderately wounded. (Press . to maintain the ray.) Crazy Yiuf hits you with a +2 quarterstaff of chaos.
Crazy Yiuf burns you.
The searing ray misses Crazy Yiuf.
Crazy Yiuf cries, "Island verde ena!"
Crazy Yiuf hits you with a +2 quarterstaff of chaos.
You convulse!
The searing ray hits Crazy Yiuf.
Crazy Yiuf is heavily wounded.
Crazy Yiuf hits you with a +2 quarterstaff of chaos!
* * * LOW HITPOINT WARNING * * *
You feel yourself speed up.
You barely miss Crazy Yiuf.
Crazy Yiuf is heavily wounded.
Crazy Yiuf hits you with a +2 quarterstaff of chaos.
You die...

## #.##.......
.###.##.##.###
........# .#
####.##.# .#
#####
#.##.##.#
#).)#
####.......#
#)))#
.....##.####
))) ........#
#g# ######..#
♣@♣♣ #### #..#
## ♣♣)♣ ...#
#..##.# ♣)♣♣
##.###.(..##
♣♣)♣
...........#
♣♣)♣♣
######....##
♣♣..)♣ ##.##.#
♣....♣ #.# ##
#....# ## #.#
##....###.


You could see Crazy Yiuf.

Vanquished Creatures
  An adder (D:2)
  A dart slug (D:1)
  2 giant cockroaches (D:1)
  2 goblins (D:1)
  2 hobgoblins (D:1)
  6 kobolds
  5 bats
  9 rats (D:1)
28 creatures vanquished.

Notes
Turn   | Place    | Note
-------+----------+-------------------------------------------
     0 | D:1      | Eurus the Mummy Conjurer began the quest for the Orb.
     0 | D:1      | Reached XP level 1. HP: 13/13 MP: 4/4
   480 | D:1      | Reached XP level 2. HP: 20/20 MP: 3/5
   860 | D:1      | Learned a level 2 spell: Searing Ray
  1087 | D:1      | Reached skill level 1 in Fighting
  1224 | D:2      | Reached XP level 3. HP: 26/26 MP: 4/7
  1379 | D:2      | Found a runed translucent door.
  1380 | D:2      | Noticed Crazy Yiuf
  1387 | D:2      | Slain by Crazy Yiuf

Levels and vault maps discovered:
D:1:      dpeg_arrival_ratfight, layout_basic, corexii_hall_statues_x
D:2:      layout_loops_corners, uniq_crazy_yiuf_cottage

Skill      XL: |  1  2 |
---------------+-------+-----
Spellcasting   | 3 |  3.2
Fighting       | 1 |  1.1
Dodging        | 2 |  2.0
Stealth        | |  1.5
Conjurations   | |  3.5

Action                   || total
-------------------------++-------
Melee: Unarmed           ||    14
       Dagger            ||    23
 Cast: Magic Dart        ||    29
       Searing Ray       ||     1
 Stab: Sleeping          ||     1
Armor: Robe              ||     9
Dodge: Dodged            ||    21

Table legend:
 A = Non-vault XP
 B = Vault XP
 C = Vault XP percentage of total XP
 D = Non-vault monster count
 E = Vault monster count
 F = Vault count percentage of total count
                 A         B        C        D         E       F
            +---------+---------+-------+---------+---------+-------
      Total |      49 |       5 |   9.3 |      23 |       5 |  17.9
            +---------+---------+-------+---------+---------+-------
        D:1 |      33 |       5 |  13.2 |      19 |       5 |  20.8
        D:2 |      16 |       0 |   0.0 |       4 |       0 |   0.0
            +---------+---------+-------+---------+---------+-------
